 Dungeon Crawl Stone Soup version 0.21.0 (console) character file.

19710 ahub the Fighter (level 12, -3/99 HPs)
             Began as a Demonspawn Berserker on Jan 7, 2018.
             Was a Believer of Yredelemnul.
             Slain by a two-headed ogre
             ... wielding a +0 giant spiked club
             ... created by the rage of Trog
              (7 damage)
             ... on level 12 of the Dungeon.
             The game lasted 00:42:39 (10404 turns).

ahub the Fighter (Demonspawn Berserker)            Turns: 10404, Time: 00:42:40

Health: -3/99      AC: 24    Str: 33    XL:     12   Next: 38%
Magic:  12/12      EV: 19    Int:  6    God:    Yredelemnul [**....]
Gold:   507        SH:  8    Dex: 20    Spells: 11/11 levels left

rFire    . . .     SeeInvis .   C - +9 long sword {flame, *Noise rPois Str+7 Stlth+}
rCold    + . .     Gourm    +   (no shield)
rNeg     . . .     Faith    .   p - +0 plate armour
rPois    +         Spirit   .   K - +1 helmet
rElec    .         Reflect  .   m - +1 cloak
rCorr    .         Harm     .   e - +0 pair of gloves
MR       .....                  l - +2 pair of boots {Fly}
Stlth    ..........             D - amulet of Mot Morph {Gourm Int-2 Dex+5 Slay+5}
HPRegen  0.26/turn              I - ring of protection from cold
MPRegen  0.13/turn              q - +4 ring of evasion

@: mighty, about to teleport, flying
A: claws 2, large bone plates 3, powered by death 2, rot immunity
a: Animate Remains, Recall Undead Slaves, Injury Mirror, Renounce Religion, Stop
Flying


You were on level 12 of the Dungeon.
You worshipped Yredelemnul.
Yredelemnul was pleased with you.
You were not hungry.

You visited 1 branch of the dungeon, and saw 12 of its levels.

You collected 507 gold pieces.

Inventory:

Hand Weapons
 C - the +9 long sword of Widiamnech (weapon) {flame, *Noise rPois Str+7 Stlth+}
   (You found it on level 6 of the Dungeon)

   It has been specially enchanted to burn those struck by it, causing extra
   injury to most foes and up to half again as much damage against particularly
   susceptible opponents.
   Big, fiery blades are also staple armaments of hydra-hunters.
   It affects your strength (+7).
   It protects you from poison.
   It may make noises in combat.
   It makes you more stealthy.
 L - a +4 antimagic great sword
Missiles
 j - 23 tomahawks (quivered)
 F - 6 tomahawks of returning
Armour
 e - a +0 pair of gloves (worn)
 l - a +2 pair of boots of flying (worn)
 m - a +1 cloak (worn)
 p - a +0 plate armour (worn)
 K - a +1 helmet (worn)
Jewellery
 q - a +4 ring of evasion (right hand)
 r - an uncursed ring of ice
 y - an uncursed ring of flight
 A - an uncursed ring of fire
 D - the amulet of Mot Morph (around neck) {Gourm Int-2 Dex+5 Slay+5}
   (You acquired it on level 11 of the Dungeon)

   [amulet of the gourmand]

   It allows you to eat raw meat even when not hungry.
   It affects your intelligence (-2).
   It affects your dexterity (+5).
   It affects your accuracy and damage with ranged weapons and melee attacks
   (+5).
 I - a ring of protection from cold (left hand)
 J - the amulet "Qitam" {+Rage Int+3}
   (You took it off a vampire on level 11 of the Dungeon)

   [amulet of rage]

   It affects your intelligence (+3).
   It lets you go berserk.
Wands
 t - a wand of polymorph (25)
 u - a wand of acid (10)
 G - a wand of disintegration (20)
 H - a wand of paralysis (20)
 O - a wand of flame (10)
Scrolls
 a - 4 scrolls of teleportation
 b - 2 scrolls of enchant armour
 d - 2 scrolls of magic mapping
 g - 3 scrolls of enchant weapon
 h - 7 scrolls of remove curse
 N - a scroll of noise
Potions
 i - a potion of berserk rage {unknown}
 k - 2 potions of brilliance
 n - a potion of invisibility {unknown}
 o - 3 potions of flight
 s - 7 potions of curing
 v - a potion of cancellation {unknown}
 w - 4 potions of might
 x - 2 potions of agility
 z - 3 potions of haste
 B - a potion of ambrosia {unknown}
 E - 2 potions of resistance {unknown}
Books
 M - a book of Frost

   Spells                             Type                      Level
   a - Freeze                         Ice                          1
   b - Throw Frost                    Conjuration/Ice              2
   c - Ozocubu's Armour               Charms/Ice                   3
   d - Throw Icicle                   Conjuration/Ice              4
   e - Summon Ice Beast               Ice/Summoning                4
Comestibles
 c - 21 rations


   Skills:
 + Level 10.9 Fighting
 + Level 10.1 Long Blades
 + Level 9.6 Armour
 + Level 9.7 Dodging


You had 11 spell levels left.
You didn't know any spells.

Dungeon Overview and Level Annotations

Branches:
Dungeon (12/15)            Temple (0/1) D:6            Lair (0/6) D:8
    Orc: D:9-12

Altars:
Ashenzari
Cheibriados
Elyvilon
Gozag
Hepliaklqana
Kikubaaqudgha
Makhleb
Nemelex Xobeh
Okawaru
Qazlal
Sif Muna
Uskayaw
Vehumet
Xom
Yredelemnul
Zin

Shops:
D:9 *%

Annotations:
D:5 Prince Ribbit


Innate Abilities, Weirdness & Mutations

You have very sharp fingernails.
You are completely covered in large bone plates. (SH +8)
You regenerate health from kills.
You are immune to rotting.


Message History

Trog sends monsters to punish you.
A polar bear, 2 black bears, an ogre and a two-headed ogre come into view.
You feel very mighty all of a sudden.
As you read the scroll of teleportation, it crumbles to dust.
You feel strangely unstable. You block the two-headed ogre's attack.
The two-headed ogre hits you with a giant club.
* * * LOW HITPOINT WARNING * * *
The ogre completely misses you.
Press: ? - help, v - describe, . - travel
Here: an ogre, wielding a giant club (berserk, fast, unusually strong, durably summoned)
The floor, spattered with blood.
You feel better. You block the two-headed ogre's attack.
The two-headed ogre completely misses you.
The ogre closely misses you.
You feel better. The ogre hits you with a giant club!!
* * * LOW HITPOINT WARNING * * *
You block the two-headed ogre's attack.
The two-headed ogre hits you with a giant club!
You die...
Your body rises from the dead as a mindless zombie.

##..# #..## #...##
##...## #....#####
##........####
##....#........
##...######.....
##h.### ##....
###Oh## ##.....
##O@### #......
#h### ##)).... ###
##).%....
###(.......
##..........
##(..........
##............
#####......###....
##....Z.....# ....
#............#
....
#.##........... ..


You could see a two-headed ogre (berserk), a polar bear (berserk), 2 black bears
and an ogre (berserk).

Vanquished Creatures
  Nessos (D:12)
  3 hydras
  Erica (D:8)
  8 two-headed ogres
  An unseen horror (D:12)
  Pikel (D:8)
  An ugly thing (D:11)
  A cyclops (D:12)
  A gargoyle (D:12)
  A troll (D:6)
  2 polar bears (D:12)
  Grinder (D:5)
  4 hippogriffs
  6 yaks (D:11)
  2 wyverns
  A vampire (D:11)
  Eustachio (D:5)
  3 hungry ghosts
  A steam dragon (D:9)
  Grum (D:9)
  3 orc warriors
  6 ice beasts
  2 black bears (D:12)
  A slave (D:8)
  2 necrophages
  8 ogres
  2 phantoms
  A wolf (D:9)
  3 centaurs
  2 big kobolds
  A crocodile (D:8)
  12 bullfrogs
  4 gnoll sergeants (D:9)
  A water moccasin zombie (D:6)
  6 scorpions
  A water moccasin skeleton (D:7)
  3 wights (D:7)
  16 killer bees
  An electric eel (D:9)
  2 crimson imps
  4 bullfrog zombies
  18 hounds
  2 centaur skeletons
  3 bullfrog skeletons
  4 orc priests
  3 jellies
  3 iguanas
  10 orc wizards
  Natasha (D:3)
  2 gnoll shamans (D:9)
  3 worker ants
  A hound zombie (D:5)
  2 hound skeletons (D:8)
  2 worker ant zombies
  36 gnolls (D:9)
  12 adders
  5 shadow imps
  An ooze (D:1)
  An adder skeleton (D:7)
  2 worms
  5 dart slugs
  6 leopard geckos
  33 orcs
  9 bats
  A bat zombie (D:7)
  3 giant cockroaches
  5 goblins
  7 hobgoblins
  13 jackals
  5 quokkas
  3 frilled lizards
  2 jackal skeletons
  15 kobolds
  6 rats
346 creatures vanquished.

Vanquished Creatures (collateral kills)
  A troll (D:12)
  A quasit (D:12)
  A hound (D:12)
  2 kobolds (D:12)
5 creatures vanquished.

Vanquished Creatures (others)
  A centaur skeleton (D:12)
  A wyvern zombie (D:12)
  A cyclops zombie (D:12)
  A centaur zombie (D:12)
  11 fungi
  2 plants (D:8)
17 creatures vanquished.

Grand Total: 368 creatures vanquished

Notes
Turn   | Place    | Note
-------+----------+-------------------------------------------
     0 | D:1      | ahub the Demonspawn Berserker began the quest for the Orb.
     0 | D:1      | Reached XP level 1. HP: 18/18 MP: 1/1
   285 | D:1      | Gained mutation: You have sharp fingernails. [demonic ancestry]
   285 | D:1      | Reached XP level 2. HP: 24/24 MP: 2/2
   693 | D:2      | Gained mutation: You regenerate a little health from kills. [demonic ancestry]
   693 | D:2      | Reached XP level 3. HP: 29/29 MP: 3/3
  1113 | D:2      | Reached ** piety under Trog
  1666 | D:3      | Gained mutation: You are partially covered in large bone plates. (SH +4) [demonic ancestry]
  1666 | D:3      | Reached XP level 4. HP: 31/37 MP: 4/4
  2068 | D:3      | Noticed Natasha
  2077 | D:3      | Killed Natasha
  2200 | D:4      | Noticed an ogre
  2713 | D:4      | Killed an ogre
  2713 | D:4      | Gained mutation: You have very sharp fingernails. [demonic ancestry]
  2713 | D:4      | Reached XP level 5. HP: 42/42 MP: 5/5
  2768 | D:4      | Noticed an ogre
  2780 | D:4      | Killed an ogre
  2780 | D:4      | Reached XP level 6. HP: 49/49 MP: 6/6
  3063 | D:4      | Reached skill level 5 in Fighting
  3063 | D:4      | Gained mutation: You regenerate health from kills. [demonic ancestry]
  3063 | D:4      | Reached XP level 7. HP: 42/56 MP: 7/7
  3423 | D:4      | Reached *** piety under Trog
  3631 | D:5      | Entered Level 5 of the Dungeon
  3655 | D:5      | Reached skill level 5 in Long Blades
  3672 | D:5      | Noticed Grinder
  3696 | D:5      | Paralysed by Grinder for 3 turns
  3704 | D:5      | Killed Grinder
  3704 | D:5      | Reached XP level 8. HP: 55/64 MP: 8/8
  3808 | D:5      | Noticed Eustachio
  3853 | D:5      | Killed Eustachio
  4228 | D:5      | Noticed Prince Ribbit
  4750 | D:6      | Found a glowing silver altar of Zin.
  4790 | D:6      | Reached skill level 5 in Dodging
  4825 | D:6      | Reached skill level 5 in Armour
  4890 | D:6      | Noticed a troll
  4896 | D:6      | Got a shimmering long sword
  4897 | D:6      | Identified the +9 long sword of Widiamnech {flame, *Noise rPois Str+7 Stlth+} (You found it on level 6 of the Dungeon)
  4914 | D:6      | Killed a troll
  4914 | D:6      | Reached **** piety under Trog
  4914 | D:6      | Gained mutation: You are immune to rotting. [demonic ancestry]
  4914 | D:6      | Reached XP level 9. HP: 71/71 MP: 9/9
  5135 | D:6      | Found a staircase to the Ecumenical Temple.
  5263 | D:6      | Found a burning altar of Makhleb.
  5264 | D:6      | Found an iron altar of Okawaru.
  5270 | D:6      | Found a basalt altar of Yredelemnul.
  5271 | D:6      | Found a white marble altar of Elyvilon.
  5271 | D:6      | Found a stormy altar of Qazlal.
  5271 | D:6      | Found a hide-covered altar of Uskayaw.
  5272 | D:6      | Found a deep blue altar of Sif Muna.
  5273 | D:6      | Found a shattered altar of Ashenzari.
  5275 | D:6      | Found a snail-covered altar of Cheibriados.
  5277 | D:6      | Found a radiant altar of Vehumet.
  5484 | D:6      | Found an opulent altar of Gozag.
  5484 | D:6      | Found a sparkling altar of Nemelex Xobeh.
  5823 | D:7      | Found an ancient bone altar of Kikubaaqudgha.
  6422 | D:8      | Gained mutation: You are mostly covered in large bone plates. (SH +6) [demonic ancestry]
  6422 | D:8      | Reached XP level 10. HP: 80/80 MP: 10/10
  6437 | D:8      | Noticed a two-headed ogre
  6440 | D:8      | Noticed a two-headed ogre
  6445 | D:8      | Killed a two-headed ogre
  6451 | D:8      | Killed a two-headed ogre
  6451 | D:8      | Reached ***** piety under Trog
  6455 | D:8      | Noticed Erica
  6477 | D:8      | Killed Erica
  6730 | D:8      | Found a staircase to the Lair.
  6878 | D:8      | Noticed Pikel
  6890 | D:8      | Killed Pikel
  6998 | D:9      | Found Neniek's General Store.
  7093 | D:9      | Noticed a two-headed ogre
  7100 | D:9      | Killed a two-headed ogre
  7100 | D:9      | Gained mutation: You are completely covered in large bone plates. (SH +8) [demonic ancestry]
  7100 | D:9      | Reached XP level 11. HP: 79/89 MP: 11/11
  7579 | D:9      | Found a hazy altar of Hepliaklqana.
  7580 | D:9      | Found a shimmering altar of Xom.
  7580 | D:9      | Noticed a hell beast
  7584 | D:9      | Noticed a hell beast
  7602 | D:9      | Found Naofaus's Food Shoppe.
  7719 | D:9      | Noticed Grum
  7723 | D:9      | Killed Grum
  7869 | D:9      | Received a gift from Trog
  7900 | D:10     | Entered Level 10 of the Dungeon
  8185 | D:6      | Fell from the grace of Trog
  8185 | D:6      | Became a worshipper of Yredelemnul the Dark
  8323 | D:11     | Noticed a purple ugly thing
  8337 | D:11     | Killed a purple ugly thing
  8403 | D:11     | Identified a scroll of acquirement
  8404 | D:11     | Got a clouded tin amulet
  8405 | D:11     | Identified the amulet of Mot Morph {Gourm Int-2 Dex+5 Slay+5} (You acquired it on level 11 of the Dungeon)
  8471 | D:11     | Got a coiled crystal amulet
  8474 | D:11     | Identified the amulet "Qitam" {+Rage Int+3} (You took it off a vampire on level 11 of the Dungeon)
  8532 | D:11     | Noticed a two-headed ogre
  8540 | D:11     | Killed a two-headed ogre
  8552 | D:11     | Noticed a two-headed ogre
  8555 | D:11     | Killed a two-headed ogre
  8555 | D:11     | Reached skill level 10 in Fighting
  8558 | D:11     | Reached * piety under Yredelemnul
  8740 | D:11     | Noticed a four-headed hydra
  8746 | D:11     | Killed a one-headed hydra
  8751 | D:11     | Noticed a two-headed ogre
  8756 | D:11     | Killed a two-headed ogre
  8756 | D:11     | Reached XP level 12. HP: 77/98 MP: 12/12
  8759 | D:11     | Found a shimmering altar of Xom.
  8761 | D:11     | Found a snail-covered altar of Cheibriados.
  8761 | D:11     | Found a white marble altar of Elyvilon.
  8761 | D:11     | Noticed a seven-headed hydra
  8775 | D:11     | Killed a one-headed hydra
  9019 | D:11     | Found an opulent altar of Gozag.
  9019 | D:11     | Found a sparkling altar of Nemelex Xobeh.
  9019 | D:11     | Found a radiant altar of Vehumet.
  9326 | D:12     | Noticed Nessos
  9348 | D:12     | Killed Nessos
  9712 | D:12     | Reached ** piety under Yredelemnul
  9751 | D:12     | Paralysed by Trog for 7 turns
  9904 | D:12     | Reached skill level 10 in Long Blades
  9939 | D:12     | Your ally Nessos died
 10025 | D:12     | Noticed an eight-headed hydra
 10030 | D:12     | Killed a four-headed hydra
 10289 | D:12     | Noticed a two-headed ogre
 10293 | D:12     | Killed a two-headed ogre
 10382 | D:12     | Noticed a two-headed ogre
 10385 | D:12     | Killed a two-headed ogre
 10387 | D:12     | HP: 4/99 [ogre/giant club[the rage of Trog] (24)]
 10401 | D:12     | Noticed a two-headed ogre
 10404 | D:12     | HP: 4/99 [ogre/giant club[the rage of Trog] (18)]
 10404 | D:12     | Slain by a two-headed ogre

Skill      XL: |  1  2  3  4  5  6  7  8  9 10 11 12 |
---------------+-------------------------------------+-----
Long Blades    | 3 4 5 6 7 8 9 10 | 10.1
Dodging        | 2 3 4 5 6 8 9 |  9.7
Armour         | 2 3 4 5 6 7 9 |  9.6
Fighting       | 4 5 6 8 9 10 | 10.9

Action                   |  1- 3 |  4- 6 |  7- 9 | 10-12 || total
-------------------------+-------+-------+-------+-------++-------
Melee: Falchion          |   113 |   111 |   293 |       ||   517
       Long sword        |       |       |   105 |   404 ||   509
Throw: Tomahawk          |       |       |       |     5 ||     5
Invok: Berserk           |     1 |     2 |     3 |       ||     6
       Trog's Hand       |       |     2 |     1 |     1 ||     4
       Burn Spellbooks   |       |       |       |     1 ||     1
       Animate Remains   |       |       |       |     6 ||     6
       Injury Mirror     |       |       |       |     1 ||     1
Evoke: Wand              |       |       |       |     2 ||     2
  Use: Scroll            |     5 |     5 |     5 |     8 ||    23
       Potion            |       |       |     1 |     7 ||     8
 Stab: Sleeping          |     2 |       |       |       ||     2
  Eat: Chunk             |     3 |     4 |     7 |    29 ||    43
       Ration            |       |     1 |     2 |     1 ||     4
Armor: Animal skin       |    35 |       |       |       ||    35
       Chain mail        |       |    13 |       |       ||    13
       Scale mail        |       |    35 |   120 |       ||   155
       Plate armour      |       |       |    30 |   218 ||   248
Dodge: Dodged            |   101 |    99 |   354 |   393 ||   947
Block: Other             |       |    23 |    83 |   211 ||   317
       Rpst.: Falchion   |    31 |    36 |    75 |       ||   142
       Long sword        |       |       |    41 |    74 ||   115
